 Dungeon Crawl Stone Soup version 0.29.1-1-gd02db6906a (webtiles) character file.

Game seed: 3241971164245346764

20908 jamesp the Basher (level 13, -41/92 HPs)
             Began as a Formicid Fighter on Sept 15, 2022.
             Was a High Priest of Hepliaklqana.
             Annihilated by a titanic slime creature (55 damage)
             ... on level 12 of the Dungeon.
             The game lasted 00:52:53 (16129 turns).

jamesp the Basher (Formicid Fighter)               Turns: 16129, Time: 00:52:54

Health: -41/92     AC: 18    Str: 28    XL:     13   Next: 15%
Magic:  7/7        EV: 10    Int:  3    God:    Hepliaklqana [*****.]
Gold:   1034       SH:  8    Dex: 25    Spells: 10/12 levels left

rFire   . . .      SeeInvis +   q - +10 trident "Duorien" {vorpal, Will+ Int-5 Dex+4 Stlth+}
rCold   + . .      Faith    .   w - +0 buckler "Numm" {+Blink rC+ MP-9 Str+4}
rNeg    . . .      Spirit   .   N - +0 swamp dragon scales
rPois   +          Reflect  .   (helmet unavailable)
rElec   .          Harm     .   l - +0 cloak
rCorr   .          Rampage  .   E - +0 pair of gloves
Will    ++...                   C - +1 pair of boots
Stlth   ++........              (no amulet)
HPRegen 0.25/turn               G - ring "Xiomit" {rPois Dex+6}
MPRegen 0.10/turn               n - +4 ring of protection

@: no status effects
A: reduced essence, permanent stasis, dig shafts and tunnels, antennae 3, four
strong arms
a: Dig, Shaft Self, Renounce Religion, Recall Ancestor, Ancestor Identity,
Transference, Idealise


You were on level 12 of the Dungeon.
You worshipped Hepliaklqana.
Hepliaklqana was extremely pleased with you.
You visited 4 branches of the dungeon, and saw 18 of its levels.
You also visited: Sewer.

You collected 1034 gold pieces.

Inventory:

Hand Weapons
 q - the +10 trident "Duorien" (weapon) {vorpal, Will+ Int-5 Dex+4 Stlth+}
   (You found it on level 1 of the Lair of Beasts)

   It inflicts extra damage upon your enemies.
   Int:       It affects your intelligence (-5).
   Dex:       It affects your dexterity (+4).
   Will:      It increases your willpower.
   Stlth:     It makes you more stealthy.
 I - a +2 glaive of flaming
Missiles
 e - a boomerang of dispersal
 g - 14 javelins
 h - 136 stones (quivered)
 k - 2 curare-tipped darts
 D - 5 throwing nets
 P - 42 poisoned darts
 V - 14 boomerangs
Armour
 l - a +0 cloak (worn)
 u - +0 acid dragon scales
 w - the +0 buckler "Numm" (worn) {+Blink rC+ MP-9 Str+4}
   (You found it on level 3 of the Dungeon)

   Str:       It affects your strength (+4).
   rC:        It protects you from cold.
   MP:        It affects your magic capacity (-9).
   +Blink:    It lets you blink.
 C - a +1 pair of boots (worn)
 E - a +0 pair of gloves (worn)
 N - +0 swamp dragon scales (worn)
Jewellery
 n - a +4 ring of protection (right hand)
 r - a ring of flight
 y - the ring of Umuifay {rPois Str+2 Int+3 Slay-5}
   (You found it on level 11 of the Dungeon)

   [ring of poison resistance]

   Str:       It affects your strength (+2).
   Int:       It affects your intelligence (+3).
   Slay:      It affects your accuracy & damage with ranged weapons and melee
   (-5).
   rPois:     It protects you from poison.
 G - the ring "Xiomit" (left hand) {rPois Dex+6}
   (You found it on level 5 of the Dungeon)

   [ring of poison resistance]

   Dex:       It affects your dexterity (+6).
   rPois:     It protects you from poison.
Wands
 c - a wand of charming (5)
 B - a wand of flame (36)
 F - a wand of iceblast (2)
 Q - a wand of digging (7)
Scrolls
 b - a scroll of enchant weapon
 f - a scroll of summoning {unknown}
 o - a scroll of brand weapon {unknown}
 s - a scroll of enchant armour {unknown}
 t - 2 scrolls of poison
 v - 7 scrolls of butterflies
 x - a scroll of noise {unknown}
 J - 3 scrolls of magic mapping
 K - 2 scrolls of fear {unknown}
 Y - a scroll of silence {unknown}
Potions
 a - 2 potions of lignification {unknown}
 d - 4 potions of might
 i - 7 potions of brilliance
 j - 2 potions of attraction
 m - 6 potions of resistance
 z - 7 potions of curing
 A - 4 potions of magic
 M - 2 potions of cancellation
 S - a potion of flight
Miscellaneous
 p - a lightning rod (4/4)


   Skills:
 - Level 9.9 Fighting
 - Level 11.7 Maces & Flails
 + Level 11.0 Polearms
 - Level 4.0 Throwing
 - Level 8.0 Armour
 - Level 10.0 Shields
 - Level 4.0 Invocations


You had 10 spell levels left.
You knew the following spells:

 Your Spells              Type           Power      Damage    Failure   Level
a - Call Imp              Summ           0%         N/A       83%         2

Your spell library contained the following spells:

 Spells                   Type           Power      Damage    Failure   Level
 Freeze                   Ice            0%         1d3       69%         1
 Magic Dart               Conj           0%         1d3       69%         1
 Ensorcelled Hibernation  Hex/Ice        0%         N/A       83%         2
 Confusing Touch          Hex            0%         N/A       96%         3
 Dazzling Flash           Conj/Hex       0%         N/A       96%         3
 Frozen Ramparts          Ice            0%         1d1       96%         3
 Ignite Poison            Fire/Tmut/Pois 0%         N/A       96%         3
 Mephitic Cloud           Conj/Pois/Air  0%         N/A       96%         3
 Spider Form              Tmut/Pois      0%         N/A       96%         3
 Summon Guardian Golem    Hex/Summ       0%         N/A       96%         3
 Anguish                  Hex/Necr       0%         N/A       100%        4
 Fulminant Prism          Conj/Hex       0%         3d6       100%        4
 Hailstorm                Conj/Ice       0%         3d3       100%        4
 Fireball                 Conj/Fire      0%         3d3       100%        5
 Freezing Cloud           Conj/Ice/Air   0%         6-21      100%        5
 Iskenderun's Battlesphe  Conj           0%         2d6       100%        5
 Conjure Ball Lightning   Conj/Air       0%         3x3d6     100%        6
 Malign Gateway           Summ/Tloc      0%         N/A       100%        7
 Monstrous Menagerie      Summ           0%         N/A       100%        7
 Orb of Destruction       Conj           0%         9d5       100%        7
 Spellforged Servitor     Conj/Summ      0%         N/A       100%        7
 Summon Horrible Things   Summ           0%         N/A       100%        8


Dungeon Overview and Level Annotations

Branches:
Dungeon (12/15)            Temple (1/1) D:7            Lair (4/5) D:8
 Shoals (0/4) Lair:2        Snake (0/4) Lair:2          Orc (1/2) D:9
  Sewer (visited)
  Slime: Lair:4-5

Altars:
Ashenzari
Dithmenos
Hepliaklqana
Kikubaaqudgha
Nemelex Xobeh
Qazlal
Uskayaw
Vehumet
Wu Jian
Xom
Yredelemnul

Shops:
D:1 :   D:7 (

Annotations:
D:9 3 runed translucent doors
D:12 Nessos


Innate Abilities, Weirdness & Mutations

Your life essence is reduced to manifest your ancestor. (-10% HP)
You cannot be hasted, slowed, berserked, paralysed or teleported.
You can dig through walls and to a lower floor.
You have a pair of large antennae on your head. (SInv)
Your four strong arms can wield two-handed weapons with a shield.


Message History

Nessos gestures wildly while chanting.
Nessos blinks!
You hit the wraith but do no damage.
The wraith is almost destroyed.
Nessos mumbles some strange words.
Nessos blinks!
The wraith closely misses you.
You puncture the wraith!
You destroy the wraith!
Nessos says, "Study your classics!" The large slime creature hits you!!
Nessos shoots an arrow.
The arrow barely misses you.
You hit the large slime creature.
The large slime creature is heavily wounded.
The large slime creature hits you!
* * * LOW HITPOINT WARNING * * *
Nessos mumbles some strange words.
Nessos blinks!
You completely miss the large slime creature.
The large slime creature is heavily wounded.
Nessos shoots an arrow.
You block the arrow.
You block the enormous slime creature's attack.
A large slime creature splits.
Nessos says, "Even if you were a mare, I'd kill you!"
Nessos shoots an arrow.
The arrow hits you!
* * * LOW HITPOINT WARNING * * *
The arrow burns you.
* * * LOW HITPOINT WARNING * * *
Nessos shoots an arrow.
The arrow hits you but does no damage.
Two slime creatures merge to form a titanic slime creature.
You feel better.
Nessos shoots an arrow.
The arrow hits you.
* * * LOW HITPOINT WARNING * * *
The arrow burns you.
* * * LOW HITPOINT WARNING * * *
Nessos casts a spell.
Nessos blinks!
You block the slime creature's attack.
You feel better. You block the slime creature's attack.
The titanic slime creature attacks as you move away!
The titanic slime creature hits you!!!
Ouch! That really hurt!
You die...

# #. #..
###..###########
..>..?.....c....
|...............
..$.....JJ......
########@..##### #...#
#...# #...# #...# #...#
#...# #...#####
################........


You could see Nessos (fast), a titanic slime creature and a slime creature.

Vanquished Creatures
  Nergalle (Lair:1)
  Joseph (D:7)
  Maggie (Lair:1)
  A torpor snail (Lair:2)
  4 cane toads
  A gargoyle (D:12)
  A kobold demonologist (D:11)
  2 trolls
  Prince Ribbit (Lair:1)
  A hornet (D:10)
  5 blink frogs (Lair:1)
  A wraith (D:12)
  3 wyverns
  A basilisk (Lair:1)
  The ghost of GigaChad the Covered, an amateur MiFi (D:4)
  14 yaks
  2 steam dragons
  An acid dragon (D:11)
  6 water moccasins
  2 nagas (Lair:2)
  2 orc warriors
  2 black bears
  2 sky beasts (D:6)
  2 ogres
  2 ice beasts
  3 centaurs
  A wolf (D:8)
  4 kobold brigands
  4 bullfrogs
  A gnoll sergeant (D:9)
  A necrophage (D:7)
  5 scorpions
  4 killer bees
  2 howler monkeys
  5 orc priests
  A hound (D:7)
  2 jellies (D:6)
  6 orc wizards
  Robin (D:4)
  5 adders
  18 gnolls
  A river rat (Sewer)
  An ufetubus (D:3)
  A worm (D:2)
  3 dart slugs
  40 orcs
  6 endoplasms
  4 giant cockroaches
  20 goblins
  9 hobgoblins
  20 kobolds
  7 quokkas
  12 ball pythons
  7 bats
  5 frilled lizards
  17 rats
  A bush (Lair:1)
277 creatures vanquished.

Vanquished Creatures (collateral kills)
  Erica (Lair:1)
  A boulder beetle (Lair:1)
  An ugly thing (D:11)
  A black mamba (Lair:1)
  4 cane toads
  An unseen horror (D:8)
  A freezing wraith (D:11)
  2 komodo dragons (Lair:3)
  A rime drake (Lair:2)
  A hornet (D:9)
  2 blink frogs (Lair:1)
  A vampire (D:10)
  2 wyverns
  A basilisk (Lair:2)
  4 yaks
  3 nagas (Lair:2)
  An acid dragon (D:9)
  3 water moccasins
  2 black bears
  3 orc warriors
  An ogre (D:8)
  A wolf (D:8)
  3 kobold brigands
  5 bullfrogs
  A gnoll sergeant (D:8)
  8 killer bees
  2 howler monkeys
  An orc priest (D:8)
  An iguana (D:7)
  2 orc wizards
  4 gnolls
  3 adders (Sewer)
  A river rat (Sewer)
  A shadow imp (D:6)
  A white imp (D:7)
  22 orcs
  A ball python (Sewer)
  13 kobolds
  A quokka (D:6)
  5 bats (Lair:3)
  5 frilled lizards (Sewer)
  12 rats (Sewer)
  A spectral orc (D:7)
  3 butterflies (Lair:2)
134 creatures vanquished.

Vanquished Creatures (others)
  8 battlemagi
  15 fungi
  19 plants
42 creatures vanquished.

Grand Total: 453 creatures vanquished

Notes
Turn   | Place    | Note
-------+----------+-------------------------------------------
     0 | D:1      | jamesp the Formicid Fighter began the quest for the Orb.
     0 | D:1      | Reached XP level 1. HP: 18/18 MP: 1/1
   191 | D:1      | Reached XP level 2. HP: 24/24 MP: 2/2
   582 | D:1      | Reached XP level 3. HP: 28/29 MP: 3/3
   736 | D:1      | Found Zanid's Book Boutique.
   885 | D:1      | Found a faded altar of an unknown god.
  1265 | D:2      | Reached XP level 4. HP: 34/37 MP: 4/4
  2173 | D:3      | Reached skill level 5 in Shields
  2173 | D:3      | Reached XP level 5. HP: 21/42 MP: 5/5
  3042 | D:3      | Identified the +0 buckler "Numm" {+Blink rC+ MP-9 Str+4}
  3279 | D:4      | Reached XP level 6. HP: 48/49 MP: 0/6
  3364 | D:4      | Noticed an ogre
  3369 | D:4      | Killed an ogre
  3386 | D:4      | Noticed Robin
  3479 | D:4      | Found an ornate altar of the Wu Jian Council.
  3684 | D:4      | Killed Robin
  3981 | D:4      | Reached XP level 7. HP: 55/55 MP: 0/7
  3986 | D:4      | Reached skill level 5 in Fighting
  4101 | D:3      | Reached skill level 5 in Armour
  4200 | D:4      | Got the Incunable of Companions and Glamour
  4204 | D:4      | Learned a level 2 spell: Call Imp
  4354 | D:4      | Found a runed translucent door.
  4355 | D:4      | Noticed GigaChad's ghost (amateur MiFi)
  4574 | D:4      | Killed GigaChad's ghost
  4780 | D:5      | Entered Level 5 of the Dungeon
  4886 | D:5      | Reached XP level 8. HP: 40/64 MP: 0/8
  5049 | D:5      | Found a hazy altar of Hepliaklqana.
  5055 | D:5      | Reached skill level 5 in Maces & Flails
  5071 | D:5      | Reached skill level 1 in Throwing
  5395 | D:5      | Became a worshipper of Hepliaklqana the Forgotten
  5809 | D:5      | Identified the ring "Xiomit" {rPois Dex+6}
  5969 | D:6      | Found a stormy altar of Qazlal.
  5969 | D:6      | Found a sparkling altar of Nemelex Xobeh.
  5970 | D:6      | Found an ancient bone altar of Kikubaaqudgha.
  6039 | D:6      | Reached XP level 9. HP: 43/69 MP: 0/9
  6057 | D:6      | Reached * piety under Hepliaklqana
  6114 | D:6      | Found a shimmering altar of Xom.
  6254 | D:6      | Found a glowing drain.
  6272 | Sewer    | Entered a sewer
  7245 | D:7      | Reached ** piety under Hepliaklqana
  7271 | D:7      | Remembered your ancestor Tochtli as a battlemage
  7341 | D:7      | Noticed Joseph
  7358 | D:7      | Reached skill level 1 in Invocations
  7393 | D:7      | Killed Joseph
  7505 | D:7      | Found a staircase to the Ecumenical Temple.
  7579 | Temple   | Entered the Ecumenical Temple
  7764 | D:7      | Found a broken altar of Ashenzari.
  7819 | D:7      | Found Ripilin's Hydra Hut.
  7821 | D:7      | Noticed a six-headed hydra
  7906 | D:7      | Reached XP level 10. HP: 68/68 MP: 3/12
  7921 | D:7      | Found a basalt altar of Yredelemnul.
  8472 | D:8      | Found a staircase to the Lair.
  8840 | D:8      | Noticed an unseen horror
  8859 | D:8      | Killed an unseen horror
  8865 | D:8      | Reached skill level 10 in Shields
  8975 | D:8      | Reached *** piety under Hepliaklqana
  9705 | D:9      | Reached XP level 11. HP: 67/74 MP: 5/14
  9913 | D:9      | Reached skill level 10 in Maces & Flails
  9981 | D:9      | Found a staircase to the Orcish Mines.
 10138 | D:9      | Found a runed translucent gate.
 10139 | D:9      | Found a runed translucent gate.
 10139 | D:9      | Found a runed translucent gate.
 10139 | D:9      | Noticed a glowing orange brain
 10139 | D:9      | Noticed a green ugly thing
 10139 | D:9      | Noticed a green ugly thing
 10141 | D:9      | Noticed a green ugly thing
 10413 | Orc:1    | Entered Level 1 of the Orcish Mines
 10417 | Orc:1    | Noticed a two-headed ogre
 10417 | Orc:1    | Noticed an orc sorcerer
 10418 | Orc:1    | Noticed an orc warlord
 10484 | Lair:1   | Entered Level 1 of the Lair of Beasts
 10525 | Lair:1   | Noticed Nergalle
 10547 | Lair:1   | Killed Nergalle
 10655 | Lair:1   | Reached **** piety under Hepliaklqana
 10656 | Lair:1   | Noticed Maggie
 10669 | Lair:1   | Killed Maggie
 10935 | Lair:1   | Noticed Erica
 10939 | Lair:1   | Noticed a boulder beetle
 10956 | Lair:1   | Killed Erica
 11009 | Lair:1   | HP: 4/80 [boulder beetle (11)]
 11031 | Lair:1   | Killed a boulder beetle
 11280 | Lair:1   | Noticed Prince Ribbit
 11301 | Lair:1   | Killed Prince Ribbit
 11482 | Lair:1   | Identified the +10 trident "Duorien" {vorpal, Will+ Int-5
                  | Dex+4 Stlth+}
 11498 | Lair:1   | Reached skill level 1 in Polearms
 11890 | Lair:2   | Reached XP level 12. HP: 87/87 MP: 6/15
 12115 | Lair:2   | Reached skill level 5 in Polearms
 12228 | Lair:2   | Found a staircase to the Snake Pit.
 12643 | Lair:2   | Found a staircase to the Shoals.
 13084 | Lair:3   | Reached ***** piety under Hepliaklqana
 13638 | Lair:4   | Found a hide-covered altar of Uskayaw.
 13638 | Lair:4   | Noticed a boulder beetle
 13639 | Lair:4   | Found an ornate altar of the Wu Jian Council.
 13766 | D:10     | Entered Level 10 of the Dungeon
 14503 | D:10     | Reached skill level 10 in Polearms
 15301 | D:11     | Reached XP level 13. HP: 78/92 MP: 7/16
 15509 | D:11     | Identified the +6 long sword of Ru's Inspiration {elec,
                  | rPois Int+4}
 15787 | D:11     | Identified the ring of Umuifay {rPois Str+2 Int+3 Slay-5}
 15964 | D:12     | Identified the +1 ring mail of Luysy {Int+2}
 16105 | D:12     | Noticed Nessos
 16126 | D:12     | HP: 3/92 [Nessos/arrow (5)]
 16129 | D:12     | Annihilated by a titanic slime creature

Illustrated notes

Levels and vault maps discovered:
D:1:      giann_bridges, layout_loops_ring, serial_shops,
          nicolae_shop_advertising_works [nicolae_subvault_shop_adworks],
          chequers_ecumenical_altar_grove, chequers_jeans, st_stairs_1
D:2:      layout_rooms, chequers_serial_rivers_small_3
D:3:      layout_basic
D:4:      layout_cave_pools, kennysheep_mini, ebering_ghost_inner_flame,
          uniq_robin
D:5:      layout_basic, mainiacjoe_overflow_brackets
D:6:      layout_gridville, gammafunk_temple_overflow_claw,
          mainiacjoe_overflow_alcove_2, portal_sewer_entry_f
D:7:      layout_basic, old_standard_altar, yredelemnul_forgotten_temple_becter,
          temple_doors_e, palyth_stone_intersect, kennysheep_pointless_box,
          doesnt_shop_hydraphobe, uniq_joseph
D:8:      layout_cave_pods, minmay_lair_entry_grove, special_room
          [special_room_orc]
D:9:      layout_loops_cross, orc_0_dummy,
          ploomutoo_gammafunk_ghost_potion_laboratory
D:10:     layout_layer_cave, grunt_decor_arrowhead
D:11:     layout_cave_pools, moated_statue
D:12:     layout_long_grid, eino_house_with_fridge, uniq_nessos
Temple:   nicolae_temple_great_sept
Lair:1:   layout_loops_ring, fungi_pond_lemuel, infiniplex_staircase_pool,
          uniq_maggie, uniq_nergalle, uniq_erica, uniq_prince_ribbit2
Lair:2:   layout_cave_shapes, shoals_dummy_entry,
          minmay_snake_entry_guardpost_large, lemuel_fruit_fields
Lair:3:   layout_chaotic_city, roderic_batcave, serial_bayou_pond_b
Lair:4:   layout_layer_cave, slime_entry_1, gammafunk_ghost_wrathful_warriors,
          nzn_masters_of_martial_movement
Orc:1:    layout_diamond_mine, serial_shops, shop

Skill      XL: |  1  2  3  4  5  6  7  8  9 10 11 12 13 |
---------------+----------------------------------------+-----
Fighting       | 4 5 6 9 |  9.9
Armour         | 4 5 7 8 |  8.0
Maces & Flails | 3 4 6 7 9 11 | 11.7
Shields        | 5 6 7 10 | 10.0
Throwing       | 3 4 |  4.0
Invocations    | 3 4 |  4.0
Polearms       | 2 10 11 | 11.0

Action                   |  1- 3 |  4- 6 |  7- 9 | 10-12 | 13-15 || total
-------------------------+-------+-------+-------+-------+-------++-------
Melee: Flail             |    89 |   224 |   277 |    66 |       ||   656
       Whip              |       |       |       |   256 |       ||   256
       Trident           |       |       |       |   153 |    57 ||   210
Throw: Stone             |       |     7 |     9 |    12 |       ||    28
Invok: Ancestor Life: Ba |       |       |     1 |       |       ||     1
  Use: Scroll            |       |     5 |     2 |    12 |       ||    19
       Potion            |       |       |     1 |     9 |     2 ||    12
 Stab: Distracted        |       |       |       |    13 |     1 ||    14
       Sleeping          |       |       |       |     1 |       ||     1
Armor: Scale mail        |    32 |   161 |   146 |   102 |       ||   441
       Swamp dragon scal |       |       |       |    70 |    25 ||    95
Dodge: Dodged            |    41 |   106 |   146 |   180 |    26 ||   499
Block: Buckler           |    19 |    87 |   103 |   159 |    30 ||   398
